 BcadrenCrawl: Boulder Brew version 0.06-240-gf756cca71e (webtiles) character file.

Game seed: 8039093548179810836, levelgen mode: deterministic

7315 gruber the Protected (level 10, -17/136 HPs) Minotaur Berserker. Began on Aug 13, 2022. Was a High Priest of Trog. Demolished by a gargoyle ... wielding a cursed +2 flail of protection {(Curse: *Slow Fragile)} (28 damage) ... on level 6 of the Dungeon. The game lasted 00:17:36 (5862 turns).

gruber the Protected (Minotaur Berserker)           Turns: 5862, Time: 00:17:36

Health: -17/136    AC: 10    Str: 38    XL:     10 ^: 521
Magic:  0/9        EV: 16    Int:  4    God:    Trog [5* [128]]
Gold:   305        SH:  0    Dex: 12    Spells: 9/9 levels left

rFire    . . .     Slash    x   a - +6 quarterstaff (crush)
rCold    . . .     Pierce   .   (also wielding the above weapon)
rNeg     . . .     Bludgeon .   G - +0 troll leather
rCorr    . . .     Vision   .   (helmet restricted)
rPois    .         Gourm    .   z - +1 cloak
rElec    .         Faith    .   (no gloves)
MR       .....     Spirit   +   l - +0 pair of boots
HPRegen  0.95/turn Reflect  .   k - amulet of guardian spirit
MPRegen  0.19/turn Harm     .   d - ring of strength Stlth ..........Rnd*Rage +
                                g - ring of strength

@: berserking, studying Evocations, very quick
A: horns, retaliatory headbutt 2, soft flesh
a: Berserk, Trog's Hand, Brothers in Arms, Renounce Religion


You were on level 6 of the Dungeon.
You worshipped Trog.
Trog was extremely pleased with you.
You were hungry.

You visited 1 branch of the dungeon, and saw 6 of its levels.

You collected 305 gold pieces.

Inventory:

Weapons
 a - a +6 quarterstaff of crushing (weapon)
 b - a +5 war axe
Armour
 l - a +0 pair of boots (worn)
 z - a +1 cloak (worn)
 G - a +0 troll leather (worn)
Jewellery
 d - a ring of strength (left hand)
 f - an uncursed ring of protection from magic
 g - a ring of strength (right hand)
 h - a cursed ring of positive energy {(Curse: Str-4)}
 k - an amulet of guardian spirit (around neck)
 m - an uncursed ring of resist corrosion
 p - an uncursed ring of protection from magic
 w - an uncursed ring of ice
 B - an uncursed ring of poison resistance
 F - a cursed ring of fire {(Curse: *Tele)}
Wands
 n - a wand of acid (10)
 t - a wand of flame (14)
 u - a wand of disintegration (11)
 C - a wand of ensnaring (11)
 D - a wand of random effects (26)
Scrolls
 o - 2 scrolls of enchantment
 r - 2 scrolls of magic mapping
 s - a scroll of bless item
 v - 5 scrolls of teleportation
 y - a scroll of fear
Potions
 e - 4 potions of brilliance
 i - 2 potions of resistance
 q - 3 potions of berserk rage
 A - 2 potions of curing
 E - a potion of cancellation
Comestibles
 c - 11 rations
 j - 3 chunks of flesh


   Skills:
 - Level 9.2 Fighting
 - Level 7.0 Axes & Hammers
 * Level 10.0 Maces & Staves
 - Level 11.3 Armour
 - Level 8.0 Dodging


You had 9 spell levels left.
You didn't know any spells.
Your spell library was empty.

Dungeon Overview and Level Annotations

Branches:
Dungeon (6/8)              Temple (0/1) D:4            Lair (0/6) D:5
    Orc: D:6

Altars:
Vehumet

Shops:
D:3 (

Annotations:
D:5 exclusion: oklob plant


Innate Abilities, Weirdness & Mutations

You reflexively attack those that strike you in melee with your horns.
Your soft flesh is weak to deep cuts.
Heavy manmade armour will nullify this weakness. (rSlashing-)
You frequently lose your temper in combat.
This godly rage surpasses even clarity. (*Rage)


Message History

The gargoyle is moderately damaged. (23/30) HP You hit the gargoyle (1).
He resists.
You headbutt the gargoyle, but do no damage.
The gargoyle is moderately damaged. (21/30) HP The gargoyle hits you with a cursed +2 flail of protection {(Curse: *Slow Fragile)} (16)!
* * * LOW HITPOINT WARNING * * *
You hit the gargoyle (4).
He resists.
The gargoyle is heavily damaged. (16/30) HP You hit the gargoyle but do no damage.
You headbutt the gargoyle, but do no damage.
The gargoyle is heavily damaged. (16/30) HP The gargoyle hurls a stone arrow at you.
The stone arrow hits you (14)!
* * * LOW HITPOINT WARNING * * *
You hit the gargoyle (2).
He resists.
The gargoyle is heavily damaged. (13/30) HP You hit the gargoyle but do no damage.
The gargoyle is heavily damaged. (13/30) HP The gargoyle hits you with a cursed +2 flail of protection {(Curse: *Slow Fragile)} (29)!!
You die...

#....# #.<..# #. #..#.#
#. #..[.# #. #....# #.
######...## #.
.........######.#######
.....?................#
#.###...########@####.#
#.# ##### #9# #<# #.#
#.# #[# #†# #.....$.#
#.# #.# #..9....# #.#
#†# #..[....# #.# #.#
#.......# #.# #.#
#.......# #.# #.#
#.......# #.#


You could see a gargoyle.

Vanquished Creatures
  A centaur warrior (D:5)
  A deep elf mage (D:6)
  4 trolls
  A komodo dragon (D:6)
  A hornet (D:5)
  A hungry ghost (D:5)
  A phantom (D:4)
  A necrophage (D:5)
  4 orc warriors
  3 porcupines (D:5)
  A water moccasin (D:2)
  3 ice beasts
  A sky beast (D:3)
  A black bear (D:5)
  2 ogres (D:5)
  2 crocodiles
  7 big kobolds
  3 killer bees (D:5)
  3 wights (D:4)
  2 llaibwcod (D:4)
  An orc priest (D:4)
  4 hounds
  7 jellies (D:2)
  6 orc wizards
  A gnoll shaman (D:5)
  2 iguanas
  5 worker ants
  9 giant cockroaches
  A cysgobwca (D:4)
  7 adders
  4 gnolls (D:5)
  58 sewer rats (D:2)
  7 cinder newts
  3 worms
  7 bullfrogs
  A giant cockroach zombie (D:4)
  A howler monkey zombie (D:5)
  A worker ant zombie (D:5)
  3 oozes
  A hound skeleton (D:3)
  2 dart slugs
  6 leopard geckos
  11 orcs
  4 hobgoblins (D:1)
  2 jackals (D:3)
  A quokka (D:5)
  2 ball pythons
  7 bats
  3 goblins (D:1)
  31 kobolds
  A quokka skeleton (D:3)
  2 rats (D:1)
  A plant (D:5)
  5 withered plants (D:2)
250 creatures vanquished.

Vanquished Creatures (collateral kills)
  A two-headed ogre (D:5)
  A rock worm (shapeshifter) (D:5)
2 creatures vanquished.

Vanquished Creatures (others)
  A giant cockroach (D:2)
  A sewer rat (D:2)
  A leopard gecko (D:2)
  An adder skeleton (D:2)
  A rat (D:1)
  2 fungi (D:5)
  A giant blowfly (D:2)
  A slimehead (D:2)
  155 withered plants (D:2)
164 creatures vanquished.

Grand Total: 416 creatures vanquished

Notes
Turn   | Place    | Note
-------+----------+-------------------------------------------
     0 | D:1      | gruber the Minotaur Berserker began the quest for the Orb.
     0 | D:1      | Reached XP level 1. HP: 19/19 MP: 0/0
   119 | D:1      | Reached XP level 2. HP: 23/26 MP: 1/1
   201 | D:1      | Reached skill level 5 in Maces & Staves
   201 | D:1      | Reached XP level 3. HP: 27/31 MP: 2/2
   347 | D:1      | Reached XP level 4. HP: 37/39 MP: 3/3
   602 | D:2      | Reached ** piety under Trog
   602 | D:2      | Received a gift from Trog
   602 | D:2      | Reached XP level 5. HP: 19/45 MP: 4/4
   627 | D:2      | Reached skill level 1 in Axes & Hammers
   773 | D:2      | Reached XP level 6. HP: 51/51 MP: 5/5
   820 | D:2      | Reached skill level 5 in Axes & Hammers
   825 | D:2      | Reached XP level 7. HP: 33/57 MP: 6/6
  1123 | D:2      | Reached skill level 5 in Fighting
  1161 | D:2      | Reached *** piety under Trog
  1228 | D:2      | Received a gift from Trog
  1370 | D:2      | Reached XP level 8. HP: 71/71 MP: 7/7
  1493 | D:2      | HP: 3/73 [poisoned by a water moccasin]
  1678 | D:2      | Reached **** piety under Trog
  2547 | D:3      | Received a gift from Trog
  2623 | D:3      | Found Omycru's Antique Weapon Boutique.
  2683 | D:3      | Reached skill level 3 in Armour
  3220 | D:4      | Reached skill level 4 in Armour
  3244 | D:4      | Reached skill level 5 in Armour
  3393 | D:4      | Reached skill level 6 in Armour
  3413 | D:4      | Reached XP level 9. HP: 67/83 MP: 8/8
  3513 | D:4      | Reached skill level 7 in Armour
  3761 | D:4      | Reached skill level 8 in Armour
  3871 | D:4      | Reached ***** piety under Trog
  3900 | D:4      | Found a staircase to the Ecumenical Temple.
  4044 | D:4      | Reached skill level 9 in Armour
  4188 | D:5      | Entered Level 5 of the Dungeon
  4256 | D:5      | Reached skill level 10 in Armour
  4308 | D:5      | Found a radiant altar of Vehumet.
  4309 | D:5      | Noticed an oklob plant
  4410 | D:5      | Reached skill level 11 in Armour
  4419 | D:5      | Found a staircase to the Lair.
  4852 | D:5      | Identified the cursed ring of Ephemeral Luck {Str+6 Int+5
                  | +Vis, (Curse: rF-)}
  4887 | D:5      | Noticed a centaur warrior
  4896 | D:5      | Killed a centaur warrior
  4896 | D:5      | Reached XP level 10. HP: 61/91 MP: 9/9
  4904 | D:5      | Reached skill level 5 in Dodging
  4994 | D:5      | Received a gift from Trog
  5395 | D:5      | Noticed a rock worm
  5397 | D:5      | Noticed a two-headed ogre
  5403 | D:5      | Killed a two-headed ogre
  5414 | D:5      | Killed a rock worm
  5802 | D:6      | Noticed a deep elf mage
  5812 | D:6      | Killed a deep elf mage
  5847 | D:6      | Noticed a gargoyle
  5853 | D:6      | Reached skill level 10 in Maces & Staves
  5862 | D:6      | Demolished by a gargoyle

Levels and vault maps discovered:
D:1:      dpeg_arrival_chambers_temple_mockup, layout_rooms, first_ration,
          hangedman_glass_teeth
D:2:      layout_sewer
D:3:      cheibrodos_quashed, layout_loops_ring, serial_shops,
          nicolae_shop_overgrown_old_shop
D:4:      layout_loops_cross, minmay_temple_entry_glassed_door, grunt_pizzeria,
          kennysheep_generic_room_5
D:5:      minmay_cornered_nines, layout_stronghold,
          grunt_lair_entry_orc_guard_hut, lemuel_oklob_altar
D:6:      layout_loops_ring, zombieorc2_lemuel, uniq_crazy_yiuf_cottage

Skill      XL: |  1  2  3  4  5  6  7  8  9 10 |
---------------+-------------------------------+-----
Maces & Staves | 4 5 6 7 10 | 10.0
Axes & Hammers | 3 6 7 |  7.0
Fighting       | 6 9 |  9.2
Armour         | 6 11 | 11.3
Dodging        | 4 8 |  8.0

Action                   |  1- 3 |  4- 6 |  7- 9 | 10-12 || total
-------------------------+-------+-------+-------+-------++-------
Melee: Mace              |    33 |    37 |    38 |       ||   108
       Unarmed           |    15 |     7 |    43 |       ||    65
       Headbutt          |     4 |     8 |    34 |    30 ||    76
       War axe           |       |    23 |    91 |       ||   114
       Quarterstaff      |       |       |   107 |    85 ||   192
Invok: Berserk           |       |     2 |     1 |     5 ||     8
       Trog's Hand       |       |     2 |       |     1 ||     3
       Brothers in Arms  |       |       |       |     1 ||     1
  Use: Potion            |       |       |     1 |       ||     1
 Stab: Sleeping          |       |     1 |       |       ||     1
  Eat: Ration            |       |       |     1 |       ||     1
       Chunk             |       |       |    14 |     7 ||    21
Armor: Animal skin       |     6 |       |       |       ||     6
       Leather armour    |       |    13 |    21 |    11 ||    45
       Troll leather     |       |       |       |     8 ||     8
Dodge: Dodged            |    13 |    14 |    62 |    33 ||   122
